 Dungeon Crawl Stone Soup version 0.31-a0-204-g7da18cac08 (webtiles) character file.

Game seed: 15196406527674778481

73 qw the Shooter (level 4, -1/25 HPs)
             Began as a Deep Elf Hunter on June 27, 2023.
             Slain by an orc wizard
             ... wielding a +0 dagger of protection
              (2 damage)
             ... on level 3 of the Dungeon.
             The game lasted 00:00:32 (1274 turns).

qw the Shooter (Deep Elf Hunter)                    Turns: 1274, Time: 00:00:33

Health: -1/25      AC:  1    Str: 10    XL:     4   Next: 8%
Magic:  6/6        EV: 13    Int: 14    God:
Gold:   124        SH:  0    Dex: 18    Spells: 3/3 levels left

rFire   . . .        Y - +1 shortbow
rCold   . . .        (shield currently unavailable)
rNeg    . . .        (no body armour)
rPois   .            (no helmet)
rElec   .            (no cloak)
rCorr   .            b - +0 pair of gloves
SInv    .            (no boots)
Will    .....        (no amulet)
Stlth   ++           (no ring)
HPRegen 0.24/turn    (no ring)
MPRegen 0.10/turn

%: no passive effects
@: no status effects
A: no striking features
a: no special abilities


You were on level 3 of the Dungeon.
You visited 1 branch of the dungeon, and saw 3 of its levels.

You collected 124 gold pieces.


   Skills:
 - Level 1.5 Fighting
 + Level 7.5 Ranged Weapons
 - Level 2.4 Dodging
 - Level 1.2 Stealth


You had 3 spell levels left.
You didn't know any spells.
Your spell library was empty.

Inventory:

Hand Weapons
 Y - a +1 shortbow (weapon)
Armour
 b - a +0 pair of gloves (worn)
 c - a +0 leather armour
 f - a +0 ring mail
Scrolls
 a - a scroll of identify
 e - a scroll of amnesia {unknown}
 g - a scroll of teleportation
 h - a scroll of blinking {unknown}
 i - a scroll of poison {unknown}
Potions
 d - a potion of degeneration {unknown}
 j - a potion of lignification {unknown}
 k - a potion of might {unknown}

Dungeon Overview and Level Annotations

Branches:
Dungeon (3/15)

Altars:
Makhleb


Message History

The orc drinks a potion.
The orc seems to speed up.
You shoot an arrow. The arrow closely misses the orc.
The arrow hits the orc wizard but does no damage.
The orc hits you with a +0 whip.
You shoot an arrow.
The arrow hits the orc but does no damage.
The orc closely misses you.
You shoot an arrow. The arrow hits the orc!
You kill the orc!
You shoot an arrow. The arrow barely misses the orc wizard.
The arrow barely misses the orc.
The orc wizard completely misses you.
You shoot an arrow. The arrow misses the orc wizard.
The arrow hits the orc.
The orc is heavily wounded.
The orc wizard hits you with a +0 dagger of protection.
You shoot an arrow. The arrow barely misses the orc wizard.
The arrow barely misses the orc.
The orc wizard hits you with a +0 dagger of protection.
You shoot an arrow.
The arrow hits the orc wizard but does no damage.
The orc wizard points at you and mumbles some strange words.
The puff of flame hits you.
You shoot an arrow.
The arrow hits the orc wizard but does no damage.
The orc wizard hits you with a +0 dagger of protection.
You shoot an arrow.
The arrow hits the orc wizard but does no damage.
The orc wizard hits you with a +0 dagger of protection.
You shoot an arrow. The arrow misses the orc wizard.
The arrow completely misses the orc.
The orc wizard points at you and mumbles some strange words.
You are confused.
The orc wizard barely misses you.
The orc wizard hits you with a +0 dagger of protection.
The orc wizard misses you.
The orc wizard hits you with a +0 dagger of protection.
The orc wizard hits you with a +0 dagger of protection.
You feel less confused.
The orc wizard hits you with a +0 dagger of protection.
You die...

............<#
....########## ... ....#
...
....###############..
............ .......
PPPP..####.. .####
............ .o.
##.......... ..#o#
#.#....### #.#@#
##.#....### #.#.#
##.#......# #.#.#
##.#......# #.#.#
##.#......# #.#.#
##)###....# #.#.#
.%..##....####.#.#
....##....#....#.#
....##....#....#.#######


You could see an orc wizard and an orc (fast).

Vanquished Creatures
  3 adders
  A dart slug (D:2)
  2 orcs (D:3)
  5 ball pythons
  5 bats
  2 endoplasms
  3 giant cockroaches
  4 hobgoblins
  A quokka (D:1)
  A frilled lizard (D:2)
  5 goblins
  5 kobolds
  5 rats
42 creatures vanquished.

Notes
Turn   | Place    | Note
-------+----------+-------------------------------------------
     0 | D:1      | qw the Deep Elf Hunter began the quest for the Orb.
     0 | D:1      | Reached XP level 1. HP: 12/12 MP: 3/3
     0 | D:1      | 0 ||| qw: Version: 0.3-a-22-g0ed2b0b
     0 | D:1      | 0 ||| qw: Game counter: 6607
     0 | D:1      | 0 ||| qw: Melee chars always use a shield: true
     0 | D:1      | 0 ||| qw: God list: Okawaru
     0 | D:1      | 0 ||| qw: Allow faded altars: false
     0 | D:1      | 0 ||| qw: Do Orc after clearing Dungeon:15 true
     0 | D:1      | 0 ||| qw: Do second Lair branch before Depths: true
     0 | D:1      | 0 ||| qw: Lair rune preference: random
     0 | D:1      | 0 ||| qw: Goals: Normal
     0 | D:1      | 0 ||| PLANNING D:1-11
   136 | D:1      | Reached XP level 2. HP: 16/16 MP: 4/4
   149 | D:1      | Reached skill level 6 in Ranged Weapons
   647 | D:1      | 647 ||| DROPPING scarf of invisibility.
   648 | D:1      | 648 ||| READING scroll labelled ROGOHY JUPU.
   649 | D:1      | 649 ||| READING scroll labelled CYELOL AJINILL.
   650 | D:1      | 650 ||| READING scroll labelled ZOZIALA CEUXKA.
   651 | D:1      | 651 ||| READING scroll labelled CARELE APOIJO.
   652 | D:1      | 652 ||| READING scroll labelled SIESON WUNWILU.
   655 | D:1      | 655 ||| DROPPING scroll of butterflies.
   726 | D:2      | Reached XP level 3. HP: 20/20 MP: 5/5
   934 | D:2      | Reached skill level 7 in Ranged Weapons
  1051 | D:2      | 1051 ||| UPGRADING to +0 pair of gloves.
  1056 | D:2      | 1056 ||| READING scroll labelled VOSMASMIJ.
  1089 | D:3      | Found a burning altar of Makhleb.
  1131 | D:3      | Reached XP level 4. HP: 25/25 MP: 6/6
  1250 | D:3      | 1250 ||| UPGRADING to +0 ring mail.
  1251 | D:3      | 1251 ||| UPGRADING to +0 ring mail.
  1272 | D:3      | HP: 3/25 [orc wizard/+0 dagger of protection (4)]
  1273 | D:3      | HP: 1/25 [orc wizard/+0 dagger of protection (3)]
  1274 | D:3      | Slain by an orc wizard

Levels and vault maps discovered:
D:1:      minmay_arrival_doors, layout_loops_ring, serial_forest,
          infiniplex_forest_lined_room_3, infiniplex_forest_clump_curved,
          infiniplex_forest_lined_2, infiniplex_forest_straight_2,
          infiniplex_forest_lined_corner, item_on_display_a
D:2:      layout_rooms
D:3:      layout_basic, mainiacjoe_overflow_boulevard,
          nicolae_overflow_hidden_temple, slow_altar_2,
          dreamdust_ecumenical_altar_grove

Skill      XL: |  1  2  3 |
---------------+----------+-----
Ranged Weapons | 6 7 |  7.5
Fighting       | |  1.5
Dodging        | |  2.4
Stealth        | |  1.2

Action                     |  1- 3 |  4- 6 || total
---------------------------+-------+-------++-------
   Fire: Shortbow          |    85 |    19 ||   104
    Use: Scroll            |     6 |       ||     6
 Armour: Leather armour    |     7 |     1 ||     8
  Dodge: Dodged            |     4 |     6 ||    10

Table legend:
 A = Non-vault XP
 B = Vault XP
 C = Vault XP percentage of total XP
 D = Non-vault monster count
 E = Vault monster count
 F = Vault count percentage of total count
                 A         B        C        D         E       F
            +---------+---------+-------+---------+---------+-------
      Total |     105 |       0 |   0.0 |      42 |       0 |   0.0
            +---------+---------+-------+---------+---------+-------
        D:1 |      31 |       0 |   0.0 |      20 |       0 |   0.0
        D:2 |      34 |       0 |   0.0 |      13 |       0 |   0.0
        D:3 |      40 |       0 |   0.0 |       9 |       0 |   0.0
            +---------+---------+-------+---------+---------+-------
